[Event "Queens Festival Europe 2022"]
[Site "Tornelo"]
[Date "2022.06.19"]
[Round "1.1"]
[White "Gueci, Tea"]
[Black "Machlik, Edit"]
[Result "1-0"]
[ECO "B12"]
[WhiteElo "2248"]
[BlackElo "2084"]
[Annotator "NA RC"]
[PlyCount "87"]
[EventDate "2022.06.19"]
[EventType "swiss"]
[EventCountry "NET"]
[SourceTitle "playchess.com"]
[Source "ChessBase"]
[SourceQuality "1"]
[TimeControl "180+2"]

1. e4 c6 2. d4 d5 3. e5 Bf5 4. Nf3 e6 5. Be2 Nd7 6. O-O Ne7 7. Nbd2 Nc8 8. Nb3 Be7 9. a4 O-O 10. a5 a6 11. c4 dxc4 12. Nbd2 c5 13. Nxc4 Qc7 14. Bf4 Na7 15. Bg3 Nc6 16. d5 exd5 17. e6 Qc8 18. exd7 Qd8 19. Nb6 d4 20. Nxa8 Qxa8 21. Bd3 Bxd7 22. Ne5 Nxe5 23. Bxe5 Qc8 24. Rc1 Qd8 25. Qh5 g6 26. Qh6 f6 27. Bg3 Be6 28. h4 Bf7 29. h5 Bd6 30. hxg6 hxg6 31. Bxg6 Bxg6 32. Qxg6+ Kh8 33. Rfe1 Bxg3 34. Qxg3 Qd7 35. Re4 Rf7 36. Rh4+ Rh7 37. Rxc5 Qe8 38. Rxh7+ Kxh7 39. Qh4+ Kg6 40. Qg4+ Kh7 41. Rc7+ Kh6 42. Qg7+ Kh5 43. Rc5+ Kh4 44. Qg3# 1-0

[Event "Queens Festival Europe 2022"]
[Site "Tornelo"]
[Date "2022.06.19"]
[Round "1.1"]
[White "Cassi, Elisa"]
[Black "Mdivani, Maka"]
[Result "1-0"]
[ECO "B92"]
[WhiteElo "1999"]
[BlackElo "1901"]
[Annotator "NA RC"]
[PlyCount "69"]
[EventDate "2022.06.19"]
[EventType "swiss"]
[EventCountry "NET"]
[SourceTitle "playchess.com"]
[Source "ChessBase"]
[SourceQuality "1"]
[TimeControl "180+2"]

1. e4 c5 2. Nf3 Nc6 3. d4 cxd4 4. Nxd4 a6 5. Nc3 Nf6 6. Be2 d6 7. f3 Qc7 8. Be3 Bd7 9. Qd2 b5 10. O-O e6 11. f4 Be7 12. Bf3 b4 13. Nce2 Rc8 14. c3 a5 15. Rac1 bxc3 16. Rxc3 O-O 17. Rfc1 Qb7 18. e5 Nd5 19. Nxc6 Bxc6 20. Rb3 Qa8 21. Nd4 Bb7 22. Nb5 dxe5 23. fxe5 Rfd8 24. Rd3 Rxc1+ 25. Qxc1 g6 26. Bc5 Bxc5+ 27. Qxc5 Rc8 28. Qd4 Qa6 29. Nd6 Rc1+ 30. Rd1 Qc6 31. h3 Ba8 32. Kh2 Rxd1 33. Qxd1 Qb6 34. Qd2 Bc6 35. Ne4 1-0

[Event "Queens Festival Europe 2022"]
[Site "Tornelo"]
[Date "2022.06.19"]
[Round "1.1"]
[White "Bayona, Karin Silvana"]
[Black "Stadlinger, Lea"]
[Result "0-1"]
[ECO "C22"]
[WhiteElo "1793"]
[BlackElo "1723"]
[Annotator "NA RC"]
[PlyCount "78"]
[EventDate "2022.06.19"]
[EventType "swiss"]
[EventCountry "NET"]
[SourceTitle "playchess.com"]
[Source "ChessBase"]
[SourceQuality "1"]
[TimeControl "180+2"]

1. e4 e5 2. d4 exd4 3. Qxd4 Nc6 4. Qe3 Nf6 5. Nc3 Bb4 6. Bd2 d6 7. O-O-O Be6 8. Be2 O-O 9. f4 d5 10. exd5 Nxd5 11. Nxd5 Bxd5 12. Bc3 Bxc3 13. Qxc3 Ne7 14. Kb1 c6 15. Nf3 Qc7 16. Rhg1 Qxf4 17. Rdf1 Qh6 18. h3 Rad8 19. Bd3 Bxf3 20. gxf3 Nd5 21. Qe5 Rfe8 22. Qg3 Nf4 23. Bc4 Ne2 24. Bxe2 Rxe2 25. a3 g6 26. Rg2 Rdd2 27. Rxe2 Rxe2 28. f4 Qh5 29. Qd3 Rh2 30. Qd8+ Kg7 31. Qd4+ Kh6 32. Qe3 Qxh3 33. f5+ Qxe3 34. fxg6 fxg6 35. Rc1 Qxc1+ 36. Kxc1 g5 37. Kb1 g4 38. Ka2 g3 39. Kb3 g2 0-1

[Event "Queens Festival Europe 2022"]
[Site "Tornelo"]
[Date "2022.06.19"]
[Round "1.1"]
[White "McCormick, Polly"]
[Black "Ismayilova, Khanim"]
[Result "0-1"]
[ECO "D00"]
[WhiteElo "1222"]
[BlackElo "1647"]
[Annotator "NA RC"]
[PlyCount "38"]
[EventDate "2022.06.19"]
[EventType "swiss"]
[EventCountry "NET"]
[SourceTitle "playchess.com"]
[Source "ChessBase"]
[SourceQuality "1"]
[TimeControl "180+2"]

1. d4 d5 2. Bf4 Nf6 3. e3 e6 4. c3 Bd6 5. Bg3 O-O 6. Nf3 c5 7. Bd3 b6 8. Ne5 Ba6 9. Bc2 Qc7 10. Nd2 Nc6 11. Ndf3 Rac8 12. Nxc6 Qxc6 13. Bxd6 Qxd6 14. Ne5 cxd4 15. cxd4 Qb4+ 16. Qd2 Qxb2 17. Rc1 Ne4 18. Bxe4 Rxc1+ 19. Qxc1 Qxc1# 0-1

[Event "Queens Festival Europe 2022"]
[Site "Tornelo"]
[Date "2022.06.19"]
[Round "1.2"]
[White "Mammadova, Aysel"]
[Black "Grimaldi, Angela Flavia"]
[Result "1-0"]
[ECO "B06"]
[WhiteElo "1893"]
[BlackElo "1995"]
[Annotator "NA RC"]
[PlyCount "37"]
[EventDate "2022.06.19"]
[EventType "swiss"]
[EventCountry "NET"]
[SourceTitle "playchess.com"]
[Source "ChessBase"]
[SourceQuality "1"]
[TimeControl "180+2"]

1. e4 c5 2. c3 d5 3. exd5 Qxd5 4. d4 g6 5. Nf3 Bg7 6. Be2 Nf6 7. O-O cxd4 8. Nxd4 O-O 9. Bf3 Qd6 10. Qb3 Nc6 11. Rd1 Nxd4 12. Rxd4 Qc7 13. Be3 Be6 14. Qa4 Nd7 15. Rd1 Rfd8 16. Na3 Ne5 17. Be2 b6 18. Nb5 Qc6 19. Qh4 1-0

[Event "Queens Festival Europe 2022"]
[Site "Tornelo"]
[Date "2022.06.19"]
[Round "1.2"]
[White "Caku, Kler"]
[Black "Farzaliyeva, Shams"]
[Result "0-1"]
[ECO "B08"]
[WhiteElo "1542"]
[BlackElo "1219"]
[Annotator "NA RC"]
[PlyCount "134"]
[EventDate "2022.06.19"]
[EventType "swiss"]
[EventCountry "NET"]
[SourceTitle "playchess.com"]
[Source "ChessBase"]
[SourceQuality "1"]
[TimeControl "180+2"]

1. e4 g6 2. d4 Bg7 3. Nf3 d6 4. Nc3 Nc6 5. Be2 Bg4 6. Be3 Nf6 7. h3 Bxf3 8. Bxf3 O-O 9. O-O e5 10. d5 Ne7 11. Qd2 Ne8 12. Bh6 f5 13. Bxg7 Kxg7 14. Rad1 Nf6 15. Rfe1 Qd7 16. exf5 Nxf5 17. Ne4 Nd4 18. Qd3 Nxd5 19. Bg4 Qe7 20. c3 Nf4 21. Qd2 Nf5 22. Ng3 Nxg3 23. fxg3 Ne6 24. Rf1 Nc5 25. Qe3 Rae8 26. b4 Na4 27. c4 a6 28. Qb3 Nb6 29. Qd3 Rd8 30. Qe4 c6 31. Be2 d5 32. cxd5 cxd5 33. Qg4 e4 34. Rd4 Rxf1+ 35. Bxf1 Qe5 36. Rd1 d4 37. Qe2 d3 38. Qe3 Nc4 39. Qc5 Qxc5+ 40. bxc5 Rc8 41. Re1 Nd2 42. Kf2 Rxc5 43. Ke3 Nxf1+ 44. Rxf1 Rc2 45. Kxe4 d2 46. Rd1 Rxa2 47. Ke3 b5 48. Kd3 a5 49. Kc3 Ra3+ 50. Kxd2 Rxg3 51. Rg1 Kf6 52. Kc2 Ke5 53. Re1+ Kf4 54. Re2 a4 55. Kb2 b4 56. Ka2 Re3 57. Rf2+ Ke4 58. Kb2 Kd3 59. Kb1 Re2 60. Rf3+ Re3 61. Rf2 a3 62. Ka1 b3 63. Rf1 Kd2 64. Rb1 Re1 65. Rxe1 Kxe1 66. Kb1 Kf2 67. g3 Kxg3 0-1

[Event "Queens Festival Europe 2022"]
[Site "Tornelo"]
[Date "2022.06.19"]
[Round "1.3"]
[White "Ibrahimova, Sabina"]
[Black "Steffensen, Elena"]
[Result "1-0"]
[ECO "B06"]
[WhiteElo "2146"]
[BlackElo "2044"]
[Annotator "NA RC"]
[PlyCount "105"]
[EventDate "2022.06.19"]
[EventType "swiss"]
[EventCountry "NET"]
[SourceTitle "playchess.com"]
[Source "ChessBase"]
[SourceQuality "1"]
[TimeControl "180+2"]

1. e4 g6 2. d4 Bg7 3. Nc3 d5 4. Nxd5 c6 5. Nc3 Qxd4 6. Bd3 Nf6 7. Nge2 Qd8 8. O-O O-O 9. h3 Nbd7 10. Be3 Ne5 11. f4 Nxd3 12. cxd3 e5 13. fxe5 Nd7 14. d4 c5 15. d5 Nxe5 16. Bxc5 Re8 17. Bf2 f5 18. exf5 Bxf5 19. Nd4 Bd3 20. Re1 Ba6 21. Ne6 Qd6 22. Bg3 Qb6+ 23. Kh1 Nd3 24. Rf1 Nxb2 25. Qf3 Bxf1 26. Rxf1 Qd4 27. Nxd4 Bxd4 28. Nb5 Bg7 29. Nc7 Rf8 30. Nxa8 Rxf3 31. Rxf3 Nc4 32. Nc7 Nb6 33. d6 Bd4 34. Ne6 h5 35. Rf8+ Kh7 36. d7 Nxd7 37. Rf7+ Kh6 38. Rxd7 Be3 39. Bf4+ Bxf4 40. Nxf4 Kg5 41. g3 b5 42. Kg2 a5 43. Rd5+ Kf6 44. Rxb5 g5 45. Nxh5+ Kg6 46. g4 Kh6 47. Rb6+ Kh7 48. Kf3 a4 49. Ke4 a3 50. Kf5 Kg8 51. Kf6 Kh8 52. Kg6 Kg8 53. Rb8# 1-0

[Event "Queens Festival Europe 2022"]
[Site "Tornelo"]
[Date "2022.06.19"]
[Round "1.3"]
[White "Grigoryan, Meri"]
[Black "Roy, Ali"]
[Result "1-0"]
[ECO "D13"]
[WhiteElo "1993"]
[BlackElo "1893"]
[Annotator "NA RC"]
[PlyCount "57"]
[EventDate "2022.06.19"]
[EventType "swiss"]
[EventCountry "NET"]
[SourceTitle "playchess.com"]
[Source "ChessBase"]
[SourceQuality "1"]
[TimeControl "180+2"]

1. d4 d5 2. c4 c6 3. cxd5 cxd5 4. Nc3 Nf6 5. Nf3 e6 6. Bf4 Bd6 7. Bg5 Be7 8. e3 O-O 9. Bd3 Nc6 10. Rc1 Nb4 11. Bb1 b6 12. a3 Nc6 13. Qd3 Ne4 14. Nxe4 dxe4 15. Qxe4 f5 16. Qxc6 Bd7 17. Bxe7 Qxe7 18. Qc2 Rac8 19. Qd2 Bb5 20. Ne5 Qg5 21. Rxc8 Rxc8 22. f4 Qh4+ 23. g3 Qe7 24. Bd3 Qb7 25. O-O Ba4 26. Rc1 Rxc1+ 27. Qxc1 Bb3 28. Bf1 Bd5 29. Qd2 1-0

[Event "Queens Festival Europe 2022"]
[Site "Tornelo"]
[Date "2022.06.19"]
[Round "1.3"]
[White "Khalilova, Khadija"]
[Black "Egger, Stefanie"]
[Result "1-0"]
[ECO "C78"]
[WhiteElo "1777"]
[BlackElo "1700"]
[Annotator "NA RC"]
[PlyCount "39"]
[EventDate "2022.06.19"]
[EventType "swiss"]
[EventCountry "NET"]
[SourceTitle "playchess.com"]
[Source "ChessBase"]
[SourceQuality "1"]
[TimeControl "180+2"]

1. e4 e5 2. Nf3 Nc6 3. Bb5 a6 4. Ba4 Nf6 5. d3 Bc5 6. O-O b5 7. Bb3 O-O 8. c3 Ba7 9. h3 d6 10. Bg5 h6 11. Bh4 Be6 12. Bc2 b4 13. d4 Bc4 14. Re1 Qe7 15. b3 Bxb3 16. axb3 bxc3 17. Nxc3 exd4 18. Nd5 Qd7 19. Bxf6 gxf6 20. Nxf6+ 1-0

[Event "Queens Festival Europe 2022"]
[Site "Tornelo"]
[Date "2022.06.19"]
[Round "1.3"]
[White "Patel, Diah Dipal"]
[Black "Andries, Leia"]
[Result "0-1"]
[ECO "B26"]
[WhiteElo "1313"]
[BlackElo "1438"]
[Annotator "NA RC"]
[PlyCount "60"]
[EventDate "2022.06.19"]
[EventType "swiss"]
[EventCountry "NET"]
[SourceTitle "playchess.com"]
[Source "ChessBase"]
[SourceQuality "1"]
[TimeControl "180+2"]

1. e4 c5 2. Nc3 Nc6 3. g3 g6 4. Bg2 Bg7 5. d3 d6 6. Be3 e6 7. h3 Nge7 8. Qg4 b6 9. Nf3 d5 10. O-O d4 11. Ne2 dxe3 12. fxe3 Bxb2 13. Rab1 Bg7 14. Ng5 O-O 15. Qh4 h6 16. Nf3 Bb7 17. g4 Nc8 18. Qg3 Nd6 19. h4 Ne8 20. h5 g5 21. Qh2 Qc7 22. Qh3 Nf6 23. d4 cxd4 24. exd4 Nxe4 25. Ne5 Nxe5 26. dxe5 Qxe5 27. Bxe4 Qxe4 28. Qh2 Bd4+ 29. Rf2 Bxf2+ 30. Qxf2 Qh1# 0-1

[Event "Queens Festival Europe 2022"]
[Site "Tornelo"]
[Date "2022.06.19"]
[Round "1.4"]
[White "Kordzadze, Nino"]
[Black "Maksimovic, Suzana"]
[Result "1/2-1/2"]
[ECO "A07"]
[WhiteElo "2043"]
[BlackElo "2145"]
[Annotator "NA RC"]
[PlyCount "113"]
[EventDate "2022.06.19"]
[EventType "swiss"]
[EventCountry "NET"]
[SourceTitle "playchess.com"]
[Source "ChessBase"]
[SourceQuality "1"]
[TimeControl "180+2"]

1. g3 d5 2. Bg2 c6 3. Nf3 Bg4 4. O-O Nd7 5. d4 e6 6. b3 Ngf6 7. Bb2 Be7 8. Nbd2 O-O 9. h3 Bh5 10. g4 Bg6 11. Ne5 a5 12. a4 Nxe5 13. dxe5 Nd7 14. e3 f6 15. Nf3 fxe5 16. Nxe5 Nxe5 17. Bxe5 Bf6 18. Bd4 e5 19. Bc5 Re8 20. Rb1 b6 21. Ba3 e4 22. Qe2 Qc7 23. Rfd1 Rad8 24. Bb2 Bxb2 25. Rxb2 Qe5 26. Rbb1 h5 27. Qa6 hxg4 28. hxg4 Rb8 29. Qa7 Qg5 30. Qd7 Rbc8 31. c4 Red8 32. Qb7 Qxg4 33. cxd5 cxd5 34. Rxd5 Bf7 35. Rxd8+ Rxd8 36. Qxb6 Rd2 37. Qb8+ Kh7 38. Qh2+ Kg8 39. Rc1 Rd1+ 40. Rxd1 Qxd1+ 41. Bf1 Bxb3 42. Qb8+ Kh7 43. Qh2+ Kg8 44. Qb8+ Kf7 45. Qb7+ Kf6 46. Qxe4 Bxa4 47. Qh4+ Kf7 48. Qc4+ Kf8 49. Qf4+ Kg8 50. Qb8+ Kh7 51. Qh2+ Kg8 52. Qb8+ Kh7 53. Qh2+ Kg6 54. Qg3+ Kf6 55. Qh4+ Kf7 56. Qf4+ Kg8 57. Qb8+ 1/2-1/2

[Event "Queens Festival Europe 2022"]
[Site "Tornelo"]
[Date "2022.06.19"]
[Round "1.4"]
[White "Deak-Sala, Emilia"]
[Black "Bordin, Silvia"]
[Result "1/2-1/2"]
[ECO "C54"]
[WhiteElo "1883"]
[BlackElo "1991"]
[Annotator "NA RC"]
[PlyCount "120"]
[EventDate "2022.06.19"]
[EventType "swiss"]
[EventCountry "NET"]
[SourceTitle "playchess.com"]
[Source "ChessBase"]
[SourceQuality "1"]
[TimeControl "180+2"]

1. e4 e5 2. Nf3 Nc6 3. Bc4 Bc5 4. d3 Nf6 5. c3 d6 6. Bb3 O-O 7. Nbd2 a5 8. h3 h6 9. Nf1 Ne7 10. Ng3 Ng6 11. O-O Bd7 12. Re1 a4 13. Bc2 Bb6 14. d4 Re8 15. a3 Qb8 16. Nh2 Qa7 17. Be3 Rad8 18. Ng4 Nxg4 19. hxg4 Qa8 20. Nf5 Ne7 21. Qf3 Ng6 22. Qh3 exd4 23. cxd4 Qc8 24. Rad1 c6 25. Qh2 Bc7 26. Qh3 d5 27. e5 Be6 28. Qf3 Qd7 29. Qh3 b5 30. Bxh6 gxh6 31. Qxh6 Bxf5 32. gxf5 Qe7 33. fxg6 fxg6 34. Qxg6+ Qg7 35. Qxg7+ Kxg7 36. Re3 Rh8 37. Rg3+ Kf7 38. Rdd3 Rdf8 39. Rdf3+ Ke8 40. Rxf8+ Rxf8 41. Rc3 Kd7 42. Bd1 Rg8 43. Rf3 Ke7 44. Rg3 Rxg3 45. fxg3 Bb6 46. Kf1 Bxd4 47. b3 axb3 48. Bxb3 Bxe5 49. a4 bxa4 50. Bxa4 Kd6 51. g4 Bf4 52. Ke2 c5 53. Kd3 Bg5 54. Bb5 c4+ 55. Bxc4 dxc4+ 56. Kxc4 Ke5 57. Kd3 Kf4 58. Ke2 Kxg4 59. Kd3 Kg3 60. Kc4 Kxg2 1/2-1/2

[Event "Queens Festival Europe 2022"]
[Site "Tornelo"]
[Date "2022.06.19"]
[Round "1.4"]
[White "Rybackova, Lucie"]
[Black "Vukosavljevic, Tatjana"]
[Result "1-0"]
[ECO "D20"]
[WhiteElo "1696"]
[BlackElo "1758"]
[Annotator "NA RC"]
[PlyCount "71"]
[EventDate "2022.06.19"]
[EventType "swiss"]
[EventCountry "NET"]
[SourceTitle "playchess.com"]
[Source "ChessBase"]
[SourceQuality "1"]
[TimeControl "180+2"]

1. d4 d5 2. c4 dxc4 3. e4 e6 4. Bxc4 c5 5. Nf3 Nf6 6. Nc3 a6 7. Bg5 Be7 8. dxc5 Qxd1+ 9. Rxd1 Bxc5 10. Bxf6 gxf6 11. O-O Nc6 12. a3 b5 13. Be2 Bb7 14. b4 Ba7 15. Rd2 Ke7 16. Rfd1 Rad8 17. a4 Nxb4 18. axb5 axb5 19. Nxb5 Bb8 20. Nc3 Rxd2 21. Rxd2 Rd8 22. Rxd8 Kxd8 23. Nd4 Nc6 24. Nxc6+ Bxc6 25. f3 Ba7+ 26. Kf1 Kd7 27. Bb5 Kd6 28. Bxc6 Kxc6 29. Ke2 Kc5 30. Kd3 Bb6 31. Na4+ Kb5 32. Nxb6 Kxb6 33. Kd4 Kb5 34. f4 Kc6 35. f5 e5+ 36. Kc4 1-0

[Event "Queens Festival Europe 2022"]
[Site "Tornelo"]
[Date "2022.06.19"]
[Round "1.4"]
[White "Robson, Caroline J"]
[Black "Ostafiev, Cristina"]
[Result "0-1"]
[ECO "C70"]
[WhiteElo "1546"]
[BlackElo "1173"]
[Annotator "NA RC"]
[PlyCount "44"]
[EventDate "2022.06.19"]
[EventType "swiss"]
[EventCountry "NET"]
[SourceTitle "playchess.com"]
[Source "ChessBase"]
[SourceQuality "1"]
[TimeControl "180+2"]

1. e4 e5 2. Nf3 Nc6 3. Bb5 Bc5 4. O-O a6 5. Ba4 Qf6 6. Re1 g5 7. d3 g4 8. Bg5 Qg6 9. Bxc6 dxc6 10. Nbd2 gxf3 11. Nxf3 Bg4 12. h3 Bxf3 13. Qxf3 Qxg5 14. c3 O-O-O 15. b4 Bb6 16. Rac1 f5 17. exf5 Nh6 18. Rxe5 Qxc1+ 19. Kh2 Rhf8 20. f6 Qc2 21. Qg3 Rxf6 22. Re7 Rxf2 0-1

[Event "Queens Festival Europe 2022"]
[Site "Tornelo"]
[Date "2022.06.19"]
[Round "1.5"]
[White "Amrayeva, Aytan"]
[Black "Smith, Olivia"]
[Result "1-0"]
[ECO "A51"]
[WhiteElo "2143"]
[BlackElo "2039"]
[Annotator "NA RC"]
[PlyCount "171"]
[EventDate "2022.06.19"]
[EventType "swiss"]
[EventCountry "NET"]
[SourceTitle "playchess.com"]
[Source "ChessBase"]
[SourceQuality "1"]
[TimeControl "180+2"]

1. d4 Nf6 2. c4 e5 3. d5 Bc5 4. Nc3 a5 5. Bg5 h6 6. Bh4 d6 7. e3 Bf5 8. Bd3 Qd7 9. Qc2 Bxd3 10. Qxd3 Qg4 11. Bg3 Nbd7 12. h3 Qg6 13. Qxg6 fxg6 14. Nge2 O-O 15. O-O-O Nb6 16. b3 a4 17. Kb2 axb3 18. axb3 Nh5 19. Rhf1 Ba3+ 20. Kc2 Bb4 21. Bh2 Nf6 22. Ra1 Nfd7 23. f3 Nc5 24. Nb5 Rxa1 25. Rxa1 Ra8 26. Rxa8+ Nxa8 27. Bg1 Kf7 28. e4 Ke7 29. Nc1 c6 30. dxc6 bxc6 31. Nc3 Nc7 32. Bxc5 Bxc5 33. Nd3 Na6 34. Na4 Bg1 35. b4 g5 36. Kb3 Kd7 37. Nab2 Kc7 38. Nd1 Bd4 39. N1f2 h5 40. Nh1 g6 41. Ng3 Nb8 42. Ne2 Ba7 43. c5 Nd7 44. Kc4 Bb8 45. Nc3 Nf6 46. cxd6+ Kxd6 47. Na4 Bc7 48. Nac5 Bb6 49. Nb7+ Kc7 50. Nbc5 Kd6 51. Na4 Bc7 52. Nc3 Nd7 53. Na4 Nb6+ 54. Nxb6 Bxb6 55. Nc1 Be3 56. Nb3 Bb6 57. Nd2 Be3 58. Nb1 Bd4 59. Na3 Bf2 60. Nc2 Bg1 61. Kb3 Bf2 62. Ka4 Bg1 63. Ka5 Bf2 64. Ka6 Bg1 65. Kb7 Bf2 66. Na3 c5 67. Nc4+ Ke6 68. b5 Be1 69. b6 Kd7 70. Nxe5+ Kd6 71. Nc4+ Kd7 72. Ka7 Kc6 73. b7 Bg3 74. b8=Q Bxb8+ 75. Kxb8 Kb5 76. Nd6+ Kc6 77. Nc4 Kb5 78. Ne5 c4 79. Kc7 c3 80. Kd6 c2 81. Nd3 Kc4 82. Nc1 Kc3 83. e5 Kb2 84. Ne2 c1=Q 85. Nxc1 Kxc1 86. e6 1-0

[Event "Queens Festival Europe 2022"]
[Site "Tornelo"]
[Date "2022.06.19"]
[Round "1.5"]
[White "Vicze, Zsofia"]
[Black "Thornton, Filipina"]
[Result "1-0"]
[ECO "B55"]
[WhiteElo "1749"]
[BlackElo "1660"]
[Annotator "NA RC"]
[PlyCount "85"]
[EventDate "2022.06.19"]
[EventType "swiss"]
[EventCountry "NET"]
[SourceTitle "playchess.com"]
[Source "ChessBase"]
[SourceQuality "1"]
[TimeControl "180+2"]

1. e4 c5 2. Nf3 d6 3. d4 cxd4 4. Nxd4 Nf6 5. f3 a6 6. c4 e6 7. Nc3 Be7 8. Be3 Nc6 9. Be2 Bd7 10. O-O O-O 11. b3 Nxd4 12. Bxd4 Bc6 13. Qd3 Rc8 14. Rad1 Qc7 15. Bxf6 Bxf6 16. Qxd6 Qb6+ 17. c5 Qb4 18. Nb1 Rfd8 19. Qg3 Bd4+ 20. Kh1 Qxc5 21. Rc1 Qb6 22. Rfd1 Bf6 23. Nd2 h6 24. Nc4 Qb4 25. e5 Bg5 26. f4 Be7 27. Bf3 Bxf3 28. Qxf3 b5 29. Ne3 Rxc1 30. Rxc1 Qa5 31. h3 Qxa2 32. Rc7 Qb1+ 33. Kh2 Bf8 34. f5 Qxb3 35. fxe6 Qxe6 36. Ng4 b4 37. Rc6 Qe7 38. Rxa6 Rd2 39. Rb6 Qd7 40. Rb7 Qd4 41. Nxh6+ gxh6 42. Qxf7+ Kh8 43. Qh7# 1-0

[Event "Queens Festival Europe 2022"]
[Site "Tornelo"]
[Date "2022.06.19"]
[Round "1.5"]
[White "Bakhshizada, Asnad"]
[Black "Pyun, Lindsay"]
[Result "1-0"]
[ECO "D52"]
[WhiteElo "1052"]
[BlackElo "1526"]
[Annotator "NA RC"]
[PlyCount "125"]
[EventDate "2022.06.19"]
[EventType "swiss"]
[EventCountry "NET"]
[SourceTitle "playchess.com"]
[Source "ChessBase"]
[SourceQuality "1"]
[TimeControl "180+2"]

1. d4 d5 2. c4 c6 3. Nc3 Nf6 4. Nf3 e6 5. Bg5 Nbd7 6. e3 Qa5 7. cxd5 exd5 8. Bd3 Bb4 9. Qc2 h6 10. Bf4 O-O 11. O-O Nh5 12. Be5 Nxe5 13. Nxe5 Be6 14. a3 Bd6 15. f4 Qc7 16. Rac1 Rac8 17. Qe2 Nf6 18. Nb5 Qb8 19. Nxd6 Qxd6 20. Bb1 Nd7 21. f5 Nxe5 22. dxe5 Qxe5 23. fxe6 Qxe6 24. Bf5 Qe5 25. Bxc8 Rxc8 26. Qf3 Qe6 27. Qh3 Qxh3 28. gxh3 Re8 29. Rf3 f6 30. Kf2 Re4 31. Rg3 Kf7 32. Rcg1 g5 33. Ke2 h5 34. Rf3 h4 35. Rxg5 Ke7 36. Rg7+ Ke6 37. Rxb7 Ra4 38. Rc7 Kd6 39. Rh7 Ke6 40. Rh6 Ke7 41. Rfxf6 c5 42. Ra6 Rxa6 43. Rxa6 Kd7 44. Rxa7+ Kc6 45. Ra8 Kd6 46. Rh8 Ke5 47. Rxh4 Kd6 48. Kd3 Ke6 49. Rg4 Ke5 50. h4 Kd6 51. h5 Ke6 52. h6 Kf5 53. Rg1 Kf6 54. h7 c4+ 55. Kc2 d4 56. h8=Q+ Ke6 57. Rg6+ Kf5 58. Qf6+ Ke4 59. Qe6+ Kf3 60. Rg3+ Ke2 61. Qg4+ Kf1 62. Qf3+ Ke1 63. Rg1# 1-0

[Event "Queens Festival Europe 2022"]
[Site "Tornelo"]
[Date "2022.06.19"]
[Round "1.6"]
[White "Head, Louise"]
[Black "Sikorova, Olga"]
[Result "1-0"]
[ECO "E73"]
[WhiteElo "2025"]
[BlackElo "2173"]
[Annotator "TA"]
[PlyCount "43"]
[EventDate "2022.06.19"]
[EventType "swiss"]
[EventCountry "NET"]
[SourceTitle "playchess.com"]
[Source "ChessBase"]
[SourceQuality "1"]
[TimeControl "180+2"]

1. d4 Nf6 2. c4 g6 3. Nc3 Bg7 4. e4 O-O 5. Be3 d6 6. Be2 c6 7. g4 {[%emt 0:00:04] E73: King's Indian: Averbakh Variation without 6...c5.} e5 ({Black should play} 7... c5 $11) 8. d5 $1 $14 cxd5 9. cxd5 {[%emt 0:00:02] White is slightly better.} Nbd7 10. g5 {[%emt 0:00:02] White is more active.} Ne8 11. h4 f5 12. gxf6 {[%emt 0:00:03] [#]} Ndxf6 $146 ({Predecessor:} 12... Nexf6 13. h5 Nc5 14. Bxc5 dxc5 15. hxg6 hxg6 16. Qb3 Re8 17. O-O-O Kf8 18. Rd3 a6 {½-½ (48) Eidelmann,V (2024)-Zelkind,E (2276) Halle 2004}) 13. h5 gxh5 14. Bxh5 Nxh5 15. Qxh5 Nf6 16. Qh4 Rf7 $2 {[%emt 0:00:10] [#]} (16... Bg4 $1 $14) 17. Nf3 $1 $18 Bf8 18. Ng5 (18. O-O-O $18) 18... Rg7 $16 19. O-O-O (19. Ne6 $18 Bxe6 20. dxe6) 19... Bg4 $2 (19... Ng4 $1 $11 {and Black stays safe.} 20. Rdg1 Be7) 20. Rdg1 $18 {[%emt 0:00:03] Hoping for Ne6. White is clearly winning.} Bh5 (20... Qe8 $142 21. f3 Rc8 22. fxg4 Qg6) 21. Ne6 {[%emt 0:00:03][%csl LRd8,LRg7] Pair of Knights!} Bg6 22. Nxd8 {[%emt 0:00:03] Weighted Error Value: White=0.28 (precise) /Black=0.97} 1-0

[Event "Queens Festival Europe 2022"]
[Site "Tornelo"]
[Date "2022.06.19"]
[Round "1.6"]
[White "Can, Isil"]
[Black "Shabanaj, Eglantina"]
[Result "1-0"]
[ECO "C01"]
[WhiteElo "1901"]
[BlackElo "1986"]
[Annotator "NA RC"]
[PlyCount "55"]
[EventDate "2022.06.19"]
[EventType "swiss"]
[EventCountry "NET"]
[SourceTitle "playchess.com"]
[Source "ChessBase"]
[SourceQuality "1"]
[TimeControl "180+2"]

1. e4 e6 2. d4 d5 3. exd5 exd5 4. Bd3 Bd6 5. Nf3 Nf6 6. O-O O-O 7. c3 Bg4 8. h3 Bh5 9. Bg5 Nbd7 10. Nbd2 c6 11. Qc2 Qc7 12. Rae1 Rfe8 13. a4 Bf4 14. Bxf4 Qxf4 15. Nh2 Bg6 16. Bxg6 hxg6 17. Nhf3 Nh7 18. b4 Ndf6 19. Ne5 Ng5 20. Re3 Nfe4 21. Nxe4 dxe4 22. Rfe1 Re6 23. Nc4 Rae8 24. Nd2 f5 25. c4 Qd6 26. Rg3 Nf7 27. Qb2 f4 28. Ra3 1-0

[Event "Queens Festival Europe 2022"]
[Site "Tornelo"]
[Date "2022.06.19"]
[Round "1.6"]
[White "Posadas, Rayelynn"]
[Black "van den Brink, Nienke"]
[Result "1/2-1/2"]
[ECO "A89"]
[WhiteElo "1648"]
[BlackElo "1771"]
[Annotator "NA RC"]
[PlyCount "124"]
[EventDate "2022.06.19"]
[EventType "swiss"]
[EventCountry "NET"]
[SourceTitle "playchess.com"]
[Source "ChessBase"]
[SourceQuality "1"]
[TimeControl "180+2"]

1. Nf3 f5 2. d4 d6 3. g3 Nf6 4. Bg2 g6 5. O-O Bg7 6. c4 O-O 7. Nc3 Nc6 8. b3 Ne4 9. Bb2 e5 10. dxe5 Nxc3 11. Bxc3 dxe5 12. Qc2 Qe7 13. Rad1 e4 14. Nd4 Ne5 15. Qb2 c5 16. Nb5 a6 17. Nd6 Nc6 18. Nxc8 Raxc8 19. Bxg7 Qxg7 20. Qxg7+ Kxg7 21. Rd5 Nd4 22. e3 Ne2+ 23. Kh1 Nc3 24. Rd2 b5 25. Rc1 b4 26. a3 a5 27. axb4 axb4 28. Ra1 Rfd8 29. Ra7+ Kg8 30. Rdd7 Rxd7 31. Rxd7 Ra8 32. h4 Ra2 33. Rc7 Rxf2 34. Rxc5 Re2 35. Rc8+ Kg7 36. c5 Rxe3 37. Kh2 Nd5 38. c6 Rxb3 39. Rd8 Nc7 40. Rd7+ Kf8 41. Rxc7 Rc3 42. Rb7 Rxc6 43. Rxb4 Rc2 44. Rb3 Kf7 45. Kg1 Kf6 46. Re3 Ke5 47. Bf1 Kd4 48. Re2 Rc1 49. Kf2 h6 50. Ra2 Rc3 51. Be2 e3+ 52. Kf3 Ke5 53. Ra5+ Kd4 54. Ra6 g5 55. hxg5 hxg5 56. Ra4+ Ke5 57. Rb4 g4+ 58. Kg2 Rc2 59. Kf1 Rc1+ 60. Kg2 Rc2 61. Kf1 Rc1+ 62. Kg2 Rc2 1/2-1/2

[Event "Queens Festival Europe 2022"]
[Site "Tornelo"]
[Date "2022.06.19"]
[Round "1.6"]
[White "Strnadova, Monika"]
[Black "Malaieru, Alexandra-Gabriela"]
[Result "1-0"]
[ECO "C42"]
[WhiteElo "1518"]
[BlackElo "1129"]
[Annotator "NA RC"]
[PlyCount "51"]
[EventDate "2022.06.19"]
[EventType "swiss"]
[EventCountry "NET"]
[SourceTitle "playchess.com"]
[Source "ChessBase"]
[SourceQuality "1"]
[TimeControl "180+2"]

1. e4 e5 2. Nf3 Nf6 3. Nxe5 d6 4. Nf3 Nxe4 5. d3 Nf6 6. Bg5 Be7 7. Nc3 O-O 8. Be2 Bf5 9. O-O h6 10. Bh4 Nc6 11. a3 Qd7 12. d4 Ne4 13. Bxe7 Qxe7 14. Nd5 Qd7 15. Nh4 Be6 16. Nf4 Qe7 17. Nxe6 fxe6 18. Nf3 Qf6 19. d5 Ne5 20. dxe6 Qxe6 21. Nd4 Qg6 22. Bh5 Qg5 23. Ne6 Qf6 24. Nxf8 Qxf8 25. Qd5+ Kh8 26. Qxe4 1-0